 Dungeon Crawl Stone Soup version 0.23.2 (webtiles) character file.

Game seed: 8695885420399411386

137265 PikkenKukken the Grappler (level 16, -4/165 HPs)
             Began as a Troll Earth Elementalist on Apr 5, 2019.
             Was a High Priest of Okawaru.
             Slain by an alligator (7 damage)
             ... called by a spriggan druid
             ... on level 1 of the Swamp on Apr 6, 2019.
             The game lasted 01:53:46 (32360 turns).

PikkenKukken the Grappler (TrEE)                   Turns: 32360, Time: 01:53:46

Health: -4/165     AC: 27    Str: 20    XL:     16   Next: 68%
Magic:  17/19      EV: 14    Int: 18    God:    Okawaru [*****.]
Gold:   811        SH:  0    Dex: 10    Spells: 16/21 levels left

rFire    + + .     SeeInvis .     - Unarmed
rCold    x . .     Gourm    +   (no shield)
rNeg     + . .     Faith    .   S - +1 fire dragon scales
rPois    +         Spirit   .   Z - +2 hat
rElec    .         Reflect  .   T - scarf {repulsion}
rCorr    .         Harm     .   (gloves unavailable)
MR       ++++.     Clarity  +   (boots unavailable)
Stlth    +.........             H - amulet of the Four Winds {rN+ MR+++ Clar}
HPRegen  0.77/turn              R - ring of poison resistance
MPRegen  0.16/turn              G - ring of Robustness {AC+8}

@: about to teleport, heroism, repel missiles
A: large, unfitting armour, claws 3, hooves 1, horns 1, clever 1, fast
metabolism 3, gourmand, regeneration 1, shaggy fur 1, tough skin 3
a: Heroism, Finesse, Renounce Religion


You were on level 1 of the Swamp.
You worshipped Okawaru.
Okawaru was extremely pleased with you.
You were completely stuffed.

You visited 7 branches of the dungeon, and saw 30 of its levels.
You also visited: Ossuary and Gauntlet.

You collected 3005 gold pieces.
You spent 2194 gold pieces at shops.

Inventory:

Hand Weapons
 L - a +0 giant club of venom
Missiles
 b - 849 stones
 u - 7 javelins of returning
 z - 7 silver javelins
 P - 4 throwing nets
 Q - 27 large rocks (quivered)
Armour
 F - a +0 shield
 S - +1 fire dragon scales (worn)
 T - a scarf of repulsion (worn)
 Z - a +2 hat (worn)
Jewellery
 c - the amulet "Gielouf" {Reflect rElec rC- MR+++ Int-2 SH+5}
   (You found it on level 6 of the Lair of Beasts)

   [amulet of reflection]

   It shields you and reflects attacks.
   It affects your intelligence (-2).
   It makes you vulnerable to cold.
   It insulates you from electricity.
   It affects your resistance to hostile enchantments.
   It affects your SH (+5).
 l - an uncursed ring of wizardry
 G - the ring of Robustness (right claw) {AC+8}
   (You bought it in a shop on level 2 of the Orcish Mines)

   [ring of protection]

   It affects your AC (+8).
 H - the amulet of the Four Winds (around neck) {rN+ MR+++ Clar}
   (You found it in a Gauntlet)

   [amulet of nothing]

   It protects you from negative energy.
   It affects your resistance to hostile enchantments.
   It protects you against confusion.
 R - a ring of poison resistance (left claw)
 V - a +5 ring of intelligence
 X - an uncursed ring of protection from cold
 Y - an uncursed ring of see invisible
Wands
 o - a wand of acid (5)
 B - a wand of clouds (13)
 K - a wand of paralysis (6)
 N - a wand of iceblast (16)
Scrolls
 e - 11 scrolls of teleportation
 f - 8 scrolls of remove curse
 h - 4 scrolls of amnesia
 k - a scroll of holy word
 p - 10 scrolls of identify
 r - 5 scrolls of enchant armour
 s - 3 scrolls of fear
 x - a scroll of magic mapping
 y - 4 scrolls of blinking
 A - 3 scrolls of brand weapon
 C - 6 scrolls of enchant weapon
 M - a scroll of immolation
 O - 2 scrolls of fog
 W - a scroll of summoning
Potions
 a - a potion of invisibility
 g - 7 potions of brilliance
 i - 3 potions of haste
 j - 3 potions of mutation
 m - 3 potions of cancellation
 n - 4 potions of flight
 q - 4 potions of curing
 t - 4 potions of agility
 v - 6 potions of ambrosia
 w - 2 potions of might
 D - 3 potions of resistance
 E - 5 potions of heal wounds
 U - 2 potions of magic
Comestibles
 d - 47 rations
 I - 2 chunks of flesh


   Skills:
 + Level 12.0(17.0) Fighting
 - Level 9.0(14.0) Throwing
 - Level 8.0(13.0) Armour
 + Level 11.9(16.9) Dodging
 - Level 1.0(6.0) Stealth
 + Level 12.5(17.5) Unarmed Combat
 - Level 3.1 Spellcasting
 + Level 6.4 Transmutations
 - Level 10.0 Earth Magic
 - Level 5.0 Invocations


You had 16 spell levels left.
You knew the following spells:

 Your Spells              Type           Power        Failure   Level  Hunger
a - Sandblast             Erth           #####.       1%          1    None
b - Petrify               Tmut/Erth      ####....     14%         4    ####...

Your spell library contained the following spells:

 Spells                   Type           Power        Failure   Level  Hunger
 Passwall                 Tmut/Erth      ####....     2%          2    ##.....
 Stone Arrow              Conj/Erth      ###...       16%         3    ###....
 Lee's Rapid Deconstruct  Erth           #####.....   19%         5    ######.
 Freeze                   Ice            #...         38%         1    None
 Magic Dart               Conj           #...         38%         1    None
 Shock                    Conj/Air       #...         38%         1    None
 Sting                    Conj/Pois      #...         38%         1    None
 Blink                    Tloc           N/A          54%         2    ##.....
 Call Imp                 Summ           #.......     54%         2    ##.....
 Poisonous Vapours        Pois/Air       #.....       54%         2    ##.....
 Shroud of Golubria       Chrm/Tloc      #.........   54%         2    ##.....
 Slow                     Hex            #.......     54%         2    ##.....
 Swiftness                Chrm/Air       #.......     54%         2    ##.....
 Throw Frost              Conj/Ice       #.....       54%         2    ##.....
 Conjure Flame            Conj/Fire      #.......     77%         3    ###....
 Gell's Gravitas          Tloc           #.........   77%         3    ###....
 Lesser Beckoning         Tloc           #.........   77%         3    ###....
 Mephitic Cloud           Conj/Pois/Air  #.......     77%         3    ###....
 Ozocubu's Armour         Chrm/Ice       #.......     77%         3    ###....
 Static Discharge         Conj/Air       #.......     77%         3    ###....
 Teleport Other           Tloc           #.......     77%         3    ###....
 Bolt of Magma            Conj/Fire/Erth ##........   96%         5    ######.
 Airstrike                Air            #.........   99%         4    ####...
 Olgreb's Toxic Radiance  Pois           #.......     99%         4    ####...
 Passage of Golubria      Tloc           N/A          99%         4    ####...
 Summon Ice Beast         Ice/Summ       #.......     99%         4    ####...
 Throw Icicle             Conj/Ice       #.......     99%         4    ####...
 Iskenderun's Battlesphe  Conj/Chrm      #.......     100%        5    ######.
 Lightning Bolt           Conj/Air       #.........   100%        5    ######.
 Venom Bolt               Conj/Pois      #.........   100%        5    ######.
 Freezing Cloud           Conj/Ice/Air   #.........   100%        6    #######
 Iron Shot                Conj/Erth      ###.......   100%        6    #######
 Orb of Destruction       Conj           #.........   100%        7    #######
 Ring of Flames           Chrm/Fire      #.........   100%        7    #######
 Spellforged Servitor     Conj/Summ      #.........   100%        7    #######
 Ignition                 Fire           #.........   100%        8    #######
 Shatter                  Erth           #####.....   100%        9    #######
 Tornado                  Air            #.........   100%        9    #######


Dungeon Overview and Level Annotations

Branches:
Dungeon (15/15)            Temple (1/1) D:4            Lair (6/6) D:8
  Swamp (2/4) Lair:2       Spider (3/4) Lair:3        Slime (0/5) Lair:5
    Orc (2/2) D:9             Elf (1/3) Orc:2        Vaults (0/5) D:14
 Depths (0/5) D:15

Altars:
Ashenzari
Cheibriados
Dithmenos
Elyvilon
Fedhas
Gozag
Makhleb
Nemelex Xobeh
Okawaru
Qazlal
Ru
Sif Muna
Trog
Uskayaw
Vehumet
Wu Jian
Yredelemnul
Beogh
Jiyva
Lugonu

Shops:
D:6 ?[!   Orc:2 [[[==

Annotations:
D:2 1 runed translucent door, Crazy Yiuf
D:11 exclusion: orange crystal statue
Lair:5 3 runed translucent doors, Toogi's ghost, adept FeCj


Innate Abilities, Weirdness & Mutations

You are too large for most types of armour.
You have claws for hands.
Your metabolism is lightning-fast.
You like to eat raw meat.
Your natural rate of healing is unusually fast.
You are covered in fur. (AC +1)
You have extremely tough skin. (AC +3)
You have large cloven feet.
You have a pair of small horns on your head.
Your mind is acute. (Int +2)


Message History

The alligator bites you but does no damage.
The alligator tail-slaps you but does no damage.
The alligator bites you.
* * * LOW HITPOINT WARNING * * *
The alligator tail-slaps you but does no damage.
You see here a vampire mosquito corpse.
You gain the combat prowess of a mighty hero.
The alligator bites you.
* * * LOW HITPOINT WARNING * * *
The alligator tail-slaps you but does no damage.
The alligator closely misses you. The alligator barely misses you.
As you read the scroll of teleportation, it crumbles to dust.
You feel strangely unstable.
The alligator no longer looks unusually strong.
The alligator bites you!
* * * LOW HITPOINT WARNING * * *
The alligator misses you. The alligator bites you!!
* * * LOW HITPOINT WARNING * * *
The alligator tail-slaps you!
You die...

≈≈§≈......≈≈.♣ ♣.≈.≈≈♣♣
≈.≈≈≈♣♣.♣≈≈≈.♣♣ ♣♣..≈≈♣
..≈.♣♣♣♣♣..≈..♣ ♣..≈.♣ .≈≈.♣
♣♣..≈≈♣ ♣♣≈≈≈♣ .≈≈♣♣ ♣.....♣♣♣♣
♣♣≈.≈♣ ≈♣♣♣ ♣♣♣♣♣..≈....♣♣
♣.≈≈.♣ ≈♣ ♣♣♣≈♣♣♣♣.≈..≈≈.♣
♣♣.≈.♣ ♣♣♣♣.≈≈.♣ ♣≈....≈§♣
♣..≈♣ ♣.♣....♣♣ ♣≈...t@.♣♣
♣.≈.♣♣ .≈...♣♣♣ ♣♣≈≈≈.t.≈.♣♣
♣.≈≈.♣
♣.≈..♣♣♣♣♣...≈≈..)..♣♣♣...♣♣
♣.♣≈.♣.♣....P..♣.♣≈..♣♣≈≈.♣
..≈..≈..PP≈§.PP.♣.≈≈≈.♣.≈.♣ ♣♣♣
♣..........≈§≈P.♣...≈≈≈.≈.♣♣♣.♣
♣...≈.....≈≈≈..P[.≈§≈.≈...♣..♣♣
♣≈≈.≈...≈≈≈≈≈≈.P..≈≈≈≈≈≈≈≈≈..♣
♣♣.♣≈..[.≈≈≈≈≈.....♣≈≈≈≈≈≈..♣♣


You could see 2 alligators.

Vanquished Creatures
  Jorgrun (Orc:2)
  Gastronok (D:11)
  2 ghost moths
  4 entropy weavers
  A minotaur (Gauntlet)
  2 spark wasps
  A green death (Gauntlet)
  Fannar (D:10)
  Harold (D:10)
  8 hydras
  Erolcha (Orc:1)
  4 two-headed ogres
  A death knight (D:15)
  A ghost crab (Swamp:1)
  3 centaur warriors
  2 dancing weapons (Elf:1)
  A catoblepas (Lair:6)
  6 alligators
  Urug (D:10)
  A queen ant (Spider:1)
  3 orc high priests (Orc:2)
  3 death yaks (Lair:6)
  Nergalle (Orc:1)
  Sonja (Lair:1)
  A deep elf knight (Elf:1)
  A skeletal warrior (D:15)
  A fire crab (Gauntlet)
  An unseen horror (D:13)
  A flayed ghost (D:15)
  A glowing orange brain (D:14)
  2 spriggan druids (Swamp:2)
  Pikel (D:9)
  A deep elf archer (Orc:2)
  2 swamp dragons
  2 necromancers
  4 deep elf magi
  6 orb spiders
  14 wolf spiders
  4 orc knights (Orc:2)
  A wolf spider zombie (D:14)
  4 manticores
  2 ugly things
  4 cyclopes
  5 orc sorcerers (Orc:2)
  A moth of wrath (Spider:2)
  6 black mambas
  Maurice (D:8)
  12 elephants
  3 gargoyles
  A torpor snail (Lair:6)
  2 spriggan zombies (D:15)
  2 freezing wraiths (D:15)
  A rime drake (Lair:5)
  An efreet (D:15)
  13 spiny frogs
  11 komodo dragons
  4 demonic crawlers
  5 kobold demonologists
  A yaktaur skeleton (D:15)
  2 guardian mummies (D:15)
  18 jumping spiders
  4 tyrant leeches
  5 polar bears
  5 hornets
  6 trolls
  A raiju (Gauntlet)
  9 slime creatures
  An ice dragon zombie (D:15)
  5 dream sheep
  A bog body (Swamp:1)
  9 hippogriffs
  29 redbacks
  A spriggan (Lair:4)
  A shadow (D:14)
  A vampire (D:12)
  A wraith (D:15)
  65 yaks
  22 tarantellas
  2 wyverns
  2 fire elementals
  2 steam dragons
  5 basilisks
  Eustachio (D:6)
  Grum (D:9)
  4 fire bats (Gauntlet)
  2 hungry ghosts
  4 wargs
  8 vampire mosquitoes
  Menkaure (Ossuary)
  11 soldier ants (Spider:1)
  10 insubstantial wisps
  6 swamp worms
  17 water moccasins
  9 porcupines
  A sky beast (D:7)
  A black bear (Lair:4)
  3 ice beasts
  2 slaves (D:9)
  22 orc warriors
  4 swamp drakes
  3 necrophages
  16 ogres
  3 phantoms
  15 wolves
  14 centaurs
  16 crocodiles
  6 big kobolds
  19 bullfrogs
  3 gnoll sergeants (D:9)
  4 scorpions
  7 killer bees
  13 wights
  4 electric eels
  7 crimson imps
  5 howler monkeys
  A bullfrog zombie (D:6)
  7 centaur zombies
  27 orc wizards
  A bullfrog skeleton (D:6)
  4 jellies
  17 orc priests
  7 hounds
  4 iguanas
  22 worker ants
  A hound skeleton (D:8)
  3 mummies (Ossuary)
  20 adders
  8 gnolls
  5 shadow imps
  3 adder skeletons
  A worm (D:6)
  6 dart slugs
  4 leopard geckos
  57 orcs
  4 giant cockroaches
  4 gnoll zombies (Ossuary)
  5 goblins
  6 hobgoblins
  19 jackals
  22 kobolds
  6 quokkas
  2 ball pythons
  4 bats
  5 frilled lizards
  2 giant cockroach zombies
  2 gnoll skeletons (Ossuary)
  8 goblin skeletons (Ossuary)
  4 goblin zombies (Ossuary)
  3 hobgoblin skeletons (Ossuary)
  7 hobgoblin zombies (Ossuary)
  2 kobold skeletons (Ossuary)
  2 kobold zombies (Ossuary)
  A leopard gecko zombie (D:6)
  2 orc skeletons (Ossuary)
  4 orc zombies (Ossuary)
  A quokka skeleton (D:7)
  3 rats
  3 rat skeletons (Ossuary)
  4 rat zombies (Ossuary)
  2 fungi
937 creatures vanquished.

Vanquished Creatures (collateral kills)
  A jumping spider (Spider:2)
1 creature vanquished.

Vanquished Creatures (others)
  A jumping spider (Spider:2)
  2 slaves (D:9)
  An orc wizard (D:9)
  A goblin skeleton (Ossuary)
  A hobgoblin skeleton (Ossuary)
  A kobold skeleton (Ossuary)
  2 rat skeletons (Ossuary)
  A demonic plant (D:13)
  10 fungi
  7 plants
27 creatures vanquished.

Grand Total: 965 creatures vanquished

Notes
Turn   | Place    | Note
-------+----------+-------------------------------------------
     0 | D:1      | PikkenKukken the Troll Earth Elementalist began the quest
                  | for the Orb.
     0 | D:1      | Reached XP level 1. HP: 16/16 MP: 1/1
   145 | D:1      | Reached XP level 2. HP: 25/26 MP: 2/2
   244 | D:1      | Reached skill level 1 in Unarmed Combat
   255 | D:1      | Reached skill level 1 in Throwing
   686 | D:2      | Reached skill level 1 in Fighting
   686 | D:2      | Reached XP level 3. HP: 33/33 MP: 0/3
   902 | D:2      | Reached XP level 4. HP: 41/41 MP: 1/4
  1448 | D:2      | Found a runed translucent door.
  1449 | D:2      | Noticed Crazy Yiuf
  1817 | D:3      | Found a shattered altar of Ashenzari.
  1828 | D:3      | Noticed an ogre
  1831 | D:3      | Killed an ogre
  1831 | D:3      | Reached XP level 5. HP: 49/49 MP: 5/5
  2036 | D:4      | Found a staircase to the Ecumenical Temple.
  2059 | Temple   | Entered the Ecumenical Temple
  2084 | Temple   | Became a worshipper of Warmaster Okawaru
  2174 | D:4      | Found a sand-covered staircase.
  2179 | Ossuary  | Entered an ossuary
  2671 | Ossuary  | Reached XP level 6. HP: 57/57 MP: 6/6
  2717 | Ossuary  | Noticed Menkaure
  2727 | Ossuary  | Killed Menkaure
  2727 | Ossuary  | Reached skill level 1 in Invocations
  3577 | D:5      | Entered Level 5 of the Dungeon
  3793 | D:5      | Noticed an ice beast
  3811 | D:5      | Killed an ice beast
  3811 | D:5      | Reached * piety under Okawaru
  3811 | D:5      | Reached XP level 7. HP: 66/66 MP: 7/7
  4258 | D:5      | Reached ** piety under Okawaru
  4734 | D:5      | Reached XP level 8. HP: 75/75 MP: 8/8
  5167 | D:6      | Found Qishaq Duulu's Distillery.
  5177 | D:6      | Bought a potion of heal wounds for 70 gold pieces
  5177 | D:6      | Bought a potion of heal wounds for 70 gold pieces
  5217 | D:6      | Noticed Eustachio
  5226 | D:6      | Killed Eustachio
  5226 | D:6      | Reached skill level 5 in Unarmed Combat
  5258 | D:6      | Found Bojaes's Magic Scroll Shop.
  5267 | D:6      | Bought a scroll of identify for 30 gold pieces
  5267 | D:6      | Bought a scroll of identify for 30 gold pieces
  5267 | D:6      | Bought a scroll of identify for 30 gold pieces
  5362 | D:6      | Reached *** piety under Okawaru
  5624 | D:6      | Reached XP level 9. HP: 82/85 MP: 10/10
  5634 | D:6      | Found Zixy's Antique Armour Emporium.
  5815 | D:7      | Reached skill level 5 in Throwing
  5956 | D:7      | Reached skill level 5 in Dodging
  6587 | D:8      | Noticed Maurice
  6601 | D:8      | Killed Maurice
  6601 | D:8      | Reached skill level 5 in Fighting
  6705 | D:8      | Found a staircase to the Lair.
  6706 | D:8      | Noticed a komodo dragon
  6732 | D:8      | Killed a komodo dragon
  6793 | D:8      | Reached **** piety under Okawaru
  7134 | D:9      | Noticed Grum
  7282 | D:9      | Noticed Pikel
  7304 | D:9      | Killed Pikel
  7304 | D:9      | Reached XP level 10. HP: 88/98 MP: 8/11
  7475 | D:9      | Killed Grum
  7716 | D:9      | Found a staircase to the Orcish Mines.
  7854 | D:8      | Found a radiant altar of Vehumet.
  8119 | D:9      | Received a gift from Okawaru
  8140 | D:9      | Noticed a three-headed hydra
  8650 | D:9      | Killed a three-headed hydra
  8782 | D:10     | Entered Level 10 of the Dungeon
  8817 | D:10     | Reached XP level 11. HP: 105/109 MP: 12/12
  8979 | D:10     | Noticed Fannar
  8993 | D:10     | Killed Fannar
  8993 | D:10     | Reached ***** piety under Okawaru
  8993 | D:10     | Reached skill level 1 in Armour
  9261 | D:10     | Noticed Harold
  9275 | D:10     | Killed Harold
  9337 | D:10     | Noticed Urug
  9339 | D:10     | Received a gift from Okawaru
  9355 | D:10     | Killed Urug
  9625 | Lair:1   | Entered Level 1 of the Lair of Beasts
  9710 | Lair:1   | Reached skill level 10 in Unarmed Combat
  9958 | Lair:1   | Received a gift from Okawaru
 10199 | Lair:1   | Noticed Sonja
 10232 | Lair:1   | Received a gift from Okawaru
 10249 | Lair:1   | Killed Sonja
 10421 | Lair:1   | Found the +8 whip "Snakebite" {curare, rPois}
 10810 | Lair:2   | Reached XP level 12. HP: 80/119 MP: 14/14
 10990 | Lair:2   | Found a staircase to the Swamp.
 11066 | Lair:2   | Noticed a five-headed hydra
 11211 | Lair:2   | Killed a five-headed hydra
 11383 | Lair:2   | Reached skill level 5 in Earth Magic
 11758 | Lair:2   | Received a gift from Okawaru
 12179 | Lair:3   | Received a gift from Okawaru
 12549 | Lair:3   | Reached skill level 5 in Invocations
 12809 | Lair:3   | Received a gift from Okawaru
 12874 | Lair:3   | Identified a scroll of acquirement
 13010 | Lair:3   | Found a hole to the Spider Nest.
 13268 | Lair:4   | You fall through a shaft for 2 floors!
 13268 | Lair:6   | Entered Level 6 of the Lair of Beasts
 13327 | Lair:6   | Reached XP level 13. HP: 125/127 MP: 13/16
 13543 | Lair:4   | Reached skill level 10 in Earth Magic
 14092 | Lair:5   | Found a viscous altar of Jiyva.
 14092 | Lair:5   | Found a staircase to the Slime Pits.
 14092 | Lair:5   | Found a runed translucent gate.
 14093 | Lair:5   | Found a runed translucent gate.
 14106 | Lair:5   | Found a runed translucent gate.
 14178 | Lair:5   | Noticed a minotaur
 14178 | Lair:5   | Noticed Toogi's ghost (adept FeCj)
 15447 | Lair:6   | Reached skill level 5 in Armour
 15669 | Lair:6   | Received a gift from Okawaru
 15727 | Lair:6   | Found the +7 Singing Sword {slice, sonic wave}
 15944 | Lair:6   | Got a pitted brass amulet
 16660 | Orc:1    | Entered Level 1 of the Orcish Mines
 16739 | Orc:1    | Found a roughly hewn altar of Beogh.
 16765 | Orc:1    | Noticed Nergalle
 16776 | Orc:1    | Killed Nergalle
 16776 | Orc:1    | Reached XP level 14. HP: 121/140 MP: 15/17
 17032 | Orc:2    | Entered Level 2 of the Orcish Mines
 17189 | Orc:2    | Noticed Jorgrun
 17242 | Orc:2    | Killed Jorgrun
 17426 | Orc:2    | Paralysed by an orc sorcerer for 5 turns
 17441 | Orc:2    | Received a gift from Okawaru
 17520 | Orc:2    | Found Uciwus's Jewellery Boutique.
 17692 | Orc:1    | Noticed Erolcha
 17699 | Orc:1    | Killed Erolcha
 18047 | Orc:2    | Found a staircase to the Elven Halls.
 18723 | Orc:2    | Paralysed by an orc sorcerer for 5 turns
 18806 | Orc:2    | Received a gift from Okawaru
 18840 | Orc:2    | Found Emicaun's Antique Armour Shop.
 18840 | Orc:2    | Found Ymuily's Jewellery Shoppe.
 18849 | Orc:2    | Found Pulil's Armour Shoppe.
 18849 | Orc:2    | Found Nukause's Antique Armour Shop.
 19154 | D:11     | Noticed Gastronok
 19209 | D:11     | Killed Gastronok
 19209 | D:11     | Received a gift from Okawaru
 20129 | D:12     | Reached skill level 10 in Fighting
 20179 | D:12     | Reached skill level 10 in Dodging
 20442 | D:12     | Learned a level 4 spell: Petrify
 20663 | D:12     | Reached skill level 1 in Transmutations
 21041 | D:13     | Gained mutation: You have large cloven feet. [potion of
                  | mutation]
 21041 | D:13     | Gained mutation: You have a pair of small horns on your
                  | head. [potion of mutation]
 21041 | D:13     | Gained mutation: Your mind is acute. (Int +2) [potion of
                  | mutation]
 21071 | D:13     | Found a corrupted altar of Lugonu.
 21217 | D:13     | Received a gift from Okawaru
 21382 | D:13     | Found a gate leading to a gauntlet.
 21392 | Gauntlet | Entered a Gauntlet
 21392 | Gauntlet | Found a transporter.
 21402 | Gauntlet | Found a transporter.
 21403 | Gauntlet | Found a transporter.
 21406 | Gauntlet | Found the amulet of the Four Winds {rN+ MR+++ Clar}
 21419 | Gauntlet | Found a transporter.
 21421 | Gauntlet | Found a transporter.
 21432 | Gauntlet | Found a transporter.
 21447 | Gauntlet | Found a transporter.
 21455 | Gauntlet | Found a runed translucent door.
 21457 | Gauntlet | Found a transporter.
 21459 | Gauntlet | Found a runed translucent door.
 21467 | Gauntlet | Found a transporter.
 21484 | Gauntlet | Found a transporter.
 21490 | Gauntlet | Found a transporter.
 21494 | Gauntlet | Found a transporter.
 21530 | Gauntlet | Reached XP level 15. HP: 121/149 MP: 18/18
 21541 | Gauntlet | Identified the amulet "Gielouf" {Reflect rElec rC- MR+++
                  | Int-2 SH+5} (You found it on level 6 of the Lair of Beasts)
 21548 | Gauntlet | Found a runed translucent door.
 21602 | Gauntlet | Found a transporter.
 21608 | Gauntlet | Received a gift from Okawaru
 21613 | Gauntlet | Identified the +1 robe "Xuvvaics" {Int+4} (Okawaru gifted
                  | it to you in a Gauntlet)
 21641 | Gauntlet | Got an ancient turquoise ring
 21642 | Gauntlet | Identified the ring of Compulsion {*Tele rPois} (You found
                  | it in a Gauntlet)
 23063 | D:14     | Found a shadowy altar of Dithmenos.
 23564 | D:14     | Found a gate to the Vaults.
 23607 | D:15     | Entered Level 15 of the Dungeon
 24214 | D:15     | Found a staircase to the Depths.
 24826 | D:15     | Found a white marble altar of Elyvilon.
 25298 | Elf:1    | Entered Level 1 of the Elven Halls
 25480 | Elf:1    | Noticed a deep elf sorcerer
 25802 | Orc:2    | Bought an uncursed ring of poison resistance for 300 gold
                  | pieces
 25879 | Orc:2    | Bought the ring of Robustness {AC+8} for 1664 gold pieces
 25879 | Orc:2    | Found the ring of Robustness {AC+8}
 26101 | Spider:1 | Entered Level 1 of the Spider Nest
 26837 | Spider:1 | Received a gift from Okawaru
 27376 | Spider:1 | Reached skill level 5 in Transmutations
 27695 | Spider:1 | Reached XP level 16. HP: 137/162 MP: 19/19
 28421 | Spider:2 | Received a gift from Okawaru
 30687 | Swamp:1  | Entered Level 1 of the Swamp
 30687 | Swamp:1  | Found the +2 pair of boots of the Assassin {Detection Stab+
                  | Stlth++}
 30698 | Lair:2   | Received a gift from Okawaru
 32357 | Swamp:1  | Received a gift from Okawaru
 32360 | Swamp:1  | HP: 3/165 [alligator[a spriggan druid] (18)]
 32360 | Swamp:1  | Slain by an alligator

Skill      XL: |  1  2  3  4  5  6  7  8  9 10 11 12 13 14 15 16 |
---------------+-------------------------------------------------+-----
Unarmed Combat | 1 2 3 4 5 7 9 10 11 12 | 12.5
Throwing       | 1 2 3 4 5 6 8 9 |  9.0
Fighting       | 1 2 3 4 6 7 8 9 10 11 12 | 12.0
Dodging        | 2 3 4 6 7 8 9 10 11 | 11.9
Invocations    | 1 2 3 5 |  5.0
Armour         | 4 5 7 8 |  8.0
Earth Magic    | 4 9 10 | 10.0
Spellcasting   | 2 3 |  3.1
Transmutations | 1 5 6 |  6.4
Stealth        | |  1.0

Action                   |  1- 3 |  4- 6 |  7- 9 | 10-12 | 13-15 | 16-18 || total
-------------------------+-------+-------+-------+-------+-------+-------++-------
Melee: Unarmed           |   113 |   310 |   256 |   603 |  1652 |   388 ||  3322
       Punch             |       |     4 |     5 |    33 |    97 |    21 ||   160
       Giant club        |       |       |       |    25 |    19 |       ||    44
       Kick              |       |       |       |       |   207 |    97 ||   304
       Headbutt          |       |       |       |       |   144 |    81 ||   225
Throw: Javelin           |       |     4 |    61 |    84 |     5 |       ||   154
       Large rock        |       |       |       |       |    37 |    62 ||    99
 Cast: Sandblast         |     5 |     4 |       |       |       |       ||     9
Invok: Heroism           |       |       |    11 |    49 |    45 |    14 ||   119
       Finesse           |       |       |       |     1 |     5 |       ||     6
Evoke: Wand              |       |       |       |     2 |     7 |     1 ||    10
  Use: Scroll            |     4 |    17 |     5 |    13 |     9 |     2 ||    50
       Potion            |       |       |       |     5 |     4 |     1 ||    10
 Stab: Sleeping          |       |     1 |     4 |       |       |       ||     5
       Confused          |       |       |       |       |     1 |     1 ||     2
  Eat: Chunk             |    14 |    19 |    50 |    55 |   123 |    40 ||   301
       Ration            |       |       |       |       |     3 |     2 ||     5
Armor: Robe              |    47 |   123 |    67 |    15 |       |       ||   252
       Troll leather arm |       |       |       |   138 |       |       ||   138
       Fire dragon scale |       |       |       |    18 |   845 |   371 ||  1234
Dodge: Dodged            |    70 |   129 |   123 |   308 |   763 |   348 ||  1741
       Deflected         |       |       |       |       |     4 |     9 ||    13
Block: Other             |       |       |       |    72 |   185 |     7 ||   264
       Reflection        |       |       |       |       |     8 |       ||     8
